Map: Oxide LE

Players

MarineLorD

  • Race: Terran Terran
  • League: Master

Clem - Winner!

  • Race: Terran Terran

Event: DreamHack SC2 Masters 2021 Winter

VOD

Have the link to the VOD?

Description

Time

  • Played on: Oct. 16, 2021, 2 p.m.
  • Length: 8:05

All games in this series

Show
View Real Time Build Order
Export as new Build Order

MarineLorD Terran 

Build Orders:  

Get SALT Encoding   

  12  0:00  SCV  
  13  0:12  SCV  
  14  0:16  Supply Depot  
  14  0:24  SCV  
  15  0:38  SCV  
  15  0:39  Barracks  
  16  0:43  Refinery  
  16  0:50  SCV  
  16  0:54  Refinery  
  17  1:02  SCV  
  18  1:14  SCV  
  19  1:26  Reaper  
  19  1:27  Orbital Command  
  19  1:28  Supply Depot  
  20  1:41  Factory  
  20  1:53  SCV  
  21  2:03  Barracks Reactor  
  21  2:13  Command Center  
  21  2:16  SCV  
  22  2:25  Hellion  
  24  2:30  Starport  
  24  2:34  SCV  
  25  2:39  Marine x2  
  27  2:44  Supply Depot  
  27  2:47  Factory Tech Lab  
  27  2:50  SCV  
  28  2:57  Marine x2  
  30  3:02  SCV  
  31  3:08  Siege Tank  
  34  3:14  Marine x2  
  34  3:18  Medivac  
  38  3:21  SCV  
  39  3:29  Orbital Command  
  39  3:32  Marine  
  39  3:33  Marine  
  41  3:37  SCV  
  42  3:43  Cyclone  
  42  3:47  Refinery  
  45  3:52  Starport Tech Lab  
  45  3:53  Marine  
  45  3:54  Marine  
  47  3:56  SCV  
  47  3:57  SCV  
  49  4:06  Supply Depot  
  49  4:08  SCV  
  49  4:09  SCV  
  51  4:20  Siege Tank  
  54  4:27  SCV x2  
  54  4:28  Supply Depot  
  54  4:29  Marine  
  56  4:40  SCV x2, Raven  
  56  4:45  Marine  
  54  4:52  SCV x2  
  50  4:53  Marine  
  50  4:56  Siege Tank  
  54  5:00  Supply Depot  
  54  5:03  Marine  
  54  5:04  SCV x2  
  57  5:11  Marine  
  58  5:16  SCV x2  
  58  5:20  Marine  
  61  5:23  Command Center  
  61  5:25  Raven  
  61  5:28  SCV, Siege Tank  
  64  5:33  SCV  
  68  5:35  Refinery  
  68  5:39  Marine  
  68  5:40  SCV, Marine  
  68  5:42  Supply Depot  
  71  5:43  Supply Depot  
  71  5:45  SCV  
  72  5:52  SCV  
  72  5:55  Barracks  
  72  5:56  Barracks  
  73  5:57  SCV, Marine x2  
  73  6:03  Siege Tank  
  79  6:04  SCV  
  79  6:09  SCV  
  81  6:16  SCV  
  82  6:21  SCV  
  81  6:28  SCV  
  82  6:35  SCV, Siege Tank, Engineering Bay x2  
  86  6:42  SCV  
  87  6:47  Viking x2  
  87  6:49  Orbital Command  
  87  6:51  Barracks Reactor  
  87  6:52  Barracks Reactor, Marine  
  87  6:53  SCV  
  93  6:54  SCV  
  93  6:57  Supply Depot x2  
  94  7:07  SCV x2  
  96  7:13  Siege Tank  
  96  7:14  Orbital Command  
  89  7:20  Viking x2  
  89  7:21  SCV  
  95  7:22  SCV  
  95  7:28  Marine x3  
  98  7:30  Marine  
  98  7:32  Marine  
  98  7:33  SCV  
  98  7:35  SCV  
  102  7:46  SCV, Marine x3  
  102  7:48  SCV x2  
Show
View Real Time Build Order
Export as new Build Order

Clem Terran - Winner!

Build Orders:  

Get SALT Encoding   

  12  0:00  SCV  
  13  0:12  SCV  
  14  0:17  Supply Depot  
  14  0:24  SCV  
  15  0:38  SCV  
  15  0:39  Barracks  
  16  0:43  Refinery  
  16  0:50  SCV  
  16  0:52  Refinery  
  17  1:02  SCV  
  18  1:14  SCV  
  19  1:26  Reaper  
  19  1:27  Orbital Command  
  19  1:28  Supply Depot  
  20  1:42  Factory  
  20  1:52  SCV  
  21  1:58  Barracks Reactor  
  21  2:04  SCV  
  22  2:18  Command Center  
  22  2:21  SCV  
  23  2:25  Hellion  
  25  2:34  SCV  
  25  2:35  Reaper x2  
  28  2:38  Supply Depot  
  28  2:47  Hellion, SCV  
  31  2:54  Starport  
  31  2:59  SCV  
  32  3:07  Marine x2  
  32  3:08  Factory Tech Lab  
  32  3:12  SCV  
  35  3:20  Refinery  
  35  3:24  SCV  
  35  3:25  Marine  
  38  3:29  Cyclone  
  41  3:35  Orbital Command  
  41  3:37  SCV  
  41  3:39  Starport Tech Lab  
  41  3:49  SCV  
  41  3:54  Supply Depot  
  42  3:57  Raven  
  42  4:00  SCV  
  42  4:01  SCV  
  46  4:06  Cyclone  
  46  4:09  Marine x2  
  51  4:13  SCV x2  
  53  4:25  SCV x2  
  53  4:30  Marine x2  
  57  4:34  Supply Depot  
  57  4:37  SCV x2  
  59  4:40  Siege Tank  
  57  4:48  Marine x2  
  57  4:49  SCV x2  
  59  4:56  Raven  
  61  5:01  SCV  
  61  5:04  SCV  
  63  5:11  Command Center  
  63  5:17  Supply Depot, SCV x2  
  65  5:21  Siege Tank  
  65  5:28  Supply Depot  
  68  5:29  SCV x2  
  70  5:37  Supply Depot  
  70  5:40  Refinery  
  70  5:41  SCV  
  72  5:42  SCV  
  72  5:47  Barracks  
  72  5:49  Barracks  
  72  5:50  Viking  
  72  5:52  Viking  
  72  5:56  Siege Tank  
  79  5:58  SCV  
  79  5:59  SCV  
  79  6:00  Marine  
  82  6:06  Supply Depot  
  82  6:08  Stimpack  
  82  6:10  SCV  
  83  6:11  SCV  
  83  6:18  Marine  
  84  6:22  Viking  
  84  6:23  SCV  
  84  6:24  SCV  
  90  6:30  Engineering Bay  
  90  6:31  Engineering Bay  
  89  6:34  Siege Tank  
  89  6:37  Barracks Reactor x2  
  92  6:41  SCV x2  
  92  6:43  Marine  
  92  6:47  Viking  
  92  6:52  Orbital Command  
  94  6:56  SCV x2  
  94  7:00  Viking  
  98  7:06  Supply Depot  
  97  7:10  SCV  
  97  7:11  SCV  
  99  7:16  Marine x3  
  99  7:19  Siege Tank  
  105  7:23  SCV x2  
  105  7:26  Marine  
  105  7:27  Supply Depot  
  105  7:28  Marine  
  109  7:30  SCV  
  109  7:34  Marine  
  114  7:38  SCV  
  114  7:41  Supply Depot, Marine  
  114  7:44  Supply Depot, Marine x2  
  115  7:45  Marine  
  115  7:48  SCV  
  117  7:53  SCV  

Tags
 
Add a new tag
Caveats
  • Supply blocks, unpowered buildings, or Contaminate may cause inaccurate times.
  • Supply counts are checked every 10 seconds.